Map: Berlingrad LE

Players

SLicKcHeeZEE - Winner!

  • Race: Zerg Zerg
  • League: Bronze

A.I. 1 (Elite)

  • Race: Terran Terran

VOD

Have the link to the VOD?

Description

Time

  • Played on: Sept. 27, 2026, 5:01 p.m.
  • Length: 12:33
Show
View Real Time Build Order
Export as new Build Order

SLicKcHeeZEE Zerg - Winner!

Build Orders: Hatch First 

Get SALT Encoding   

  8  0:01  Drone  
  9  0:11  Drone  
  10  0:18  Drone  
  11  0:27  Overlord  
  11  0:33  Drone  
  12  0:45  Drone x2  
  14  0:51  Drone  
  15  1:14  Hatchery  
  15  1:17  Drone  
  15  1:20  Drone  
  15  1:25  Drone  
  17  1:40  Spawning Pool  
  17  1:42  Drone  
  17  1:46  Extractor  
  16  1:47  Drone  
  16  1:51  Drone  
  18  2:00  Drone  
  19  2:11  Overlord  
  19  2:26  Queen  
  19  2:27  Queen  
  23  2:30  Zergling x2  
  23  2:31  Drone  
  23  2:33  Drone  
  26  2:37  Drone  
  26  2:40  Drone  
  26  2:44  Extractor  
  27  2:47  Overlord  
  27  2:58  Roach Warren  
  26  3:12  Lair  
  26  3:17  Drone x3  
  26  3:19  Drone  
  30  3:23  Overlord  
  30  3:39  Roach x3  
  36  3:41  Roach  
  38  3:52  Queen  
  40  4:10  Hydralisk Den  
  40  4:11  Glial Reconstitution  
  40  4:12  Overlord  
  39  4:17  Drone  
  39  4:18  Drone x3  
  39  4:20  Drone  
  45  4:24  Drone  
  45  4:38  Hydralisk x2  
  45  4:40  Hydralisk  
  45  4:44  Hydralisk  
  53  4:48  Overlord  
  53  4:53  Extractor  
  53  4:55  Drone x2  
  53  4:58  Drone  
  55  5:01  Grooved Spines  
  55  5:07  Evolution Chamber  
  54  5:26  Drone x2  
  54  5:27  Drone  
  57  5:30  Hatchery  
  57  5:34  Zerg Missile Weapons Level 1  
  57  5:35  Overlord  
  56  5:42  Drone x3  
  59  5:52  Muscular Augments  
  59  5:56  Hydralisk, Roach x2  
  65  6:00  Hydralisk  
  67  6:10  Overlord  
  67  6:12  Overlord  
  67  6:18  Drone x4  
  71  6:19  Drone  
  72  6:29  Drone x2  
  74  6:36  Overlord x2  
  74  6:41  Roach x2, Hydralisk  
  74  6:43  Hydralisk  
  74  6:46  Hydralisk  
  84  6:49  Hydralisk  
  86  6:55  Queen  
  88  7:03  Drone x3  
  88  7:06  Overlord x2  
  91  7:14  Baneling Nest  
  90  7:23  Zergling x14  
  90  7:24  Zergling x2  
  90  7:29  Zerg Ground Armor Level 1  
  98  7:32  Drone x2  
  100  7:45  Hydralisk x6  
  112  8:12  Baneling x15  
  112  8:13  Baneling  
  94  8:56  Hydralisk x5  
  94  8:57  Hydralisk  
  94  8:58  Hydralisk x2  
  94  9:02  Extractor, Drone x3  
  110  9:27  Overlord x2  
  86  10:05  Roach x14  
  86  10:06  Roach x4  
  110  10:20  Extractor, Drone  
  110  10:22  Drone x2  
  94  11:18  Hydralisk x3  
  88  11:19  Hydralisk x19  
Show
View Real Time Build Order
Export as new Build Order

A.I. 1 (Elite) Terran 

Build Orders:  

Get SALT Encoding   

  8  0:00  SCV  
  9  0:13  SCV  
  10  0:25  SCV  
  11  0:37  SCV  
  12  0:46  Supply Depot  
  12  0:49  SCV  
  13  0:58  Refinery  
  13  1:07  SCV  
  14  1:19  Barracks, SCV  
  15  1:31  SCV  
  16  1:44  SCV  
  16  1:46  Supply Depot  
  17  1:56  SCV  
  18  2:06  Marine  
  18  2:08  SCV, Factory  
  20  2:20  SCV  
  21  2:25  Barracks  
  21  2:28  Marine  
  22  2:32  SCV  
  23  2:42  Supply Depot  
  23  2:44  SCV  
  23  2:47  Marine  
  25  2:54  Factory Tech Lab  
  25  2:56  SCV  
  26  3:21  Command Center, Orbital Command  
  26  3:28  Refinery  
  26  3:29  Marine  
  27  3:42  Marine  
  27  3:47  SCV  
  29  3:51  Marine  
  30  3:59  SCV  
  30  4:00  Marine  
  32  4:09  Marine  
  33  4:11  SCV  
  34  4:18  Marine  
  34  4:21  Barracks  
  34  4:23  SCV  
  36  4:27  Barracks Tech Lab  
  36  4:32  SCV  
  36  4:35  SCV  
  36  4:37  Barracks Tech Lab  
  38  4:39  Starport  
  38  4:44  SCV  
  39  4:47  SCV  
  39  4:51  Marauder  
  41  4:56  Marauder, SCV  
  45  5:00  SCV  
  45  5:02  Supply Depot  
  45  5:08  Marine  
  45  5:09  SCV  
  45  5:12  SCV, Marauder  
  50  5:22  Orbital Command  
  50  5:23  Stimpack  
  50  5:24  Marauder, SCV  
  50  5:25  Marine  
  50  5:27  Supply Depot  
  54  5:34  Marauder  
  56  5:36  SCV  
  57  5:43  Marine  
  57  5:44  Combat Shield  
  57  5:49  Engineering Bay, SCV, Marauder  
  61  5:54  SCV, Supply Depot  
  62  5:59  Marauder  
  62  6:01  SCV  
  65  6:06  SCV  
  66  6:13  Engineering Bay, Barracks Reactor  
  66  6:16  SCV, Marauder, Terran Infantry Weapons Level 1  
  66  6:17  Supply Depot  
  66  6:18  SCV  
  70  6:28  SCV  
  70  6:30  SCV  
  70  6:31  Marine  
  73  6:37  Marine, Missile Turret  
  73  6:39  Terran Infantry Armor Level 1, Missile Turret, Siege Tank  
  77  6:40  SCV  
  77  6:41  Supply Depot  
  78  6:48  Command Center  
  78  6:49  Marauder  
  78  6:50  SCV  
  78  6:52  SCV  
  82  7:02  Marauder  
  82  7:03  Concussive Shells  
  82  7:04  SCV, Supply Depot  
  85  7:09  Barracks, Starport Reactor  
  85  7:11  Siege Tank  
  88  7:18  Refinery  
  88  7:21  Refinery  
  88  7:26  Marine x2  
  88  7:28  Supply Depot  
  90  7:31  Missile Turret  
  90  7:40  SCV  
  90  7:43  Siege Tank  
  96  7:44  Marauder  
  96  7:45  Medivac  
  96  7:49  SCV  
  99  7:52  SCV  
  99  7:53  Supply Depot  
  99  7:54  Missile Turret  
  100  8:02  SCV  
  100  8:03  SCV  
  102  8:05  SCV  
  102  8:11  Refinery  
  103  8:14  SCV  
  103  8:15  Missile Turret  
  103  8:16  Widow Mine  
  103  8:17  Missile Turret, Orbital Command  
  103  8:18  SCV  
  107  8:20  Refinery  
  107  8:21  Supply Depot  
  107  8:23  Medivac  
  107  8:26  SCV  
  107  8:27  Marine  
  107  8:28  Marine  
  107  8:29  Marine  
  107  8:30  Marine, SCV  
  107  8:32  Marine  
  79  8:37  Siege Tank  
  79  8:39  SCV  
  78  8:43  SCV  
  78  8:44  SCV  
  78  8:45  Marine  
  78  8:46  Marauder  
  78  8:47  Marine  
  78  8:48  Marine  
  84  8:50  Marine  
  84  8:51  SCV  
  84  8:55  SCV  
  88  8:56  SCV  
  89  9:03  SCV, Marine  
  89  9:05  Marine  
  89  9:06  Marine  
  89  9:07  SCV, Marauder, Marine  
  89  9:08  SCV  
  89  9:09  Hellion  
  95  9:15  SCV  
  89  9:19  SCV  
  89  9:21  Marine  
  89  9:22  Marine  
  89  9:24  Marine  
  86  9:25  Marine  
  86  9:27  SCV  
  86  9:28  Marine  
  86  9:31  Hellion, SCV  
  83  9:39  SCV, Marauder  
  83  9:40  Marine  
  83  9:41  Marine  
  83  9:43  SCV, Marine  
  81  9:46  Marauder  
  81  9:51  Command Center, SCV  
  73  9:55  SCV  
  73  9:58  Marine  
  73  9:59  Marine  
  65  10:01  Marauder, Marine  
  59  10:07  Marine  
  60  10:16  Marine  
  60  10:17  Marine  
  60  10:18  SCV  
  60  10:21  SCV  
  64  10:22  Marauder  
  64  10:26  Marauder  
  68  10:30  SCV  
  68  10:32  Marine  
  68  10:33  SCV  
  70  10:37  Marine  
  70  10:38  Marine  
  70  10:42  SCV  
  73  10:43  Marauder  
  73  10:45  SCV  
  73  10:47  Marine  
  77  10:50  Marine  
  77  10:54  SCV, Marine  
  80  10:57  SCV  
  80  11:03  Siege Tank  
  82  11:05  Marauder x2  
  82  11:06  SCV  
  82  11:08  SCV  
  82  11:09  SCV  
  81  11:14  Marine  
  81  11:16  Marine  
  81  11:17  Marine  
  70  11:18  SCV  
  70  11:21  SCV  
  67  11:26  Marine, Marauder  
  67  11:30  SCV  
  67  11:32  Marine  
  70  11:33  Marine  
  70  11:34  SCV  
  70  11:35  Marine  
  65  11:43  SCV  
  65  11:44  Marauder  
  60  11:47  Marine  
  60  11:51  Marine x2  
  63  11:55  SCV  
  63  12:01  Command Center  
  56  12:05  Marauder  
Tags
 
Add a new tag
Caveats
  • Supply blocks, unpowered buildings, or Contaminate may cause inaccurate times.
  • Supply counts are checked every 10 seconds.